 Dungeon Sprint DCSS version 0.26-a0-661-g406de6ba63 (webtiles) character file.

Game seed: 9643915700640987931

392 sahdkjhfkaj the Transmogrifier (level 6, -4/34 HPs)
             Began as a Vine Stalker Transmuter on Oct 8, 2020.
             Was a Believer of Sif Muna.
             Slain by a shadow (12 damage)
             ... in the Dungeon (Sprint IX: "|||||||||||||||||||||||||||||").
             The game lasted 00:01:04 (428 turns).

sahdkjhfkaj the Transmogrifier (VSTm)                Turns: 428, Time: 00:01:05

Health: -4/34      AC:  8    Str: 15    XL:     6   Next: 80%
Magic:  0/10       EV: 10    Int: 16    God:    Sif Muna [**....]
Gold:   0          SH:  0    Dex: 14    Spells: 4/9 levels left

rFire    x . .     SeeInvis .     - Unarmed
rCold    + + +     Faith    .   (shield currently unavailable)
rNeg     . . .     Spirit   +   (armour currently unavailable)
rPois    +         Reflect  .   (helmet currently unavailable)
rElec    .         Harm     .   (cloak currently unavailable)
rCorr    .         Rampage  .   (gloves currently unavailable)
MR       .....     NoTele   +   (boots currently unavailable)
Stlth    +.........             (no amulet)
HPRegen  0.51/turn              l - +2 ring of protection
MPRegen  0.12/turn              m - +3 ring of intelligence

@: ice-form
A: large, regeneration 1, magic shield, no potion heal 3, rot immunity
a: End Transformation, Channel Magic, Renounce Religion


You were in the Dungeon.
You worshipped Sif Muna.
Sif Muna was pleased with you.
You were a creature of crystalline ice.
You visited 1 branch

Inventory:

Armour
 a - a +0 robe (melded)
 k - a +0 pair of gloves (melded)
Jewellery
 l - a +2 ring of protection (left front paw)
 m - a +3 ring of intelligence (right front paw)
Wands
 j - a wand of acid (10)
Scrolls
 g - 2 scrolls of blinking
 h - 3 scrolls of remove curse
 i - 2 scrolls of amnesia
Potions
 b - a potion of invisibility
 c - 5 potions of curing
 d - a potion of haste
 e - 4 potions of magic
 f - a potion of berserk rage


   Skills:
 - Level 0.8 Fighting
 - Level 1.5 Dodging
 - Level 8.3 Unarmed Combat
 - Level 2.1 Spellcasting
 + Level 11.8 Transmutations


You had 4 spell levels left.
You knew the following spells:

 Your Spells              Type           Power        Failure   Level
a - Beastly Appendage     Tmut           #####.       1%          1
F - Ice Form              Ice/Tmut       ###.....     19%         4

Your spell library contained the following spells:

 Spells                   Type           Power        Failure   Level
 Wereblood                Tmut           #####...     1%          2
 Spider Form              Tmut/Pois      ###.......   5%          3
 Blade Hands              Tmut           #####.....   4%          5


Dungeon Overview and Level Annotations

Branches:
Dungeon (1/1)

Altars:
Cheibriados
Dithmenos
Elyvilon
Fedhas
Gozag
Hepliaklqana
Kikubaaqudgha
Makhleb
Nemelex Xobeh
Okawaru
Qazlal
Ru
Sif Muna
Trog
Uskayaw
Vehumet
Wu Jian
Xom
Yredelemnul
Zin
The Shining One
Beogh
Jiyva
Lugonu


Innate Abilities, Weirdness & Mutations

((You have extremely sharp teeth.))
Your natural rate of healing is unusually fast.
When hurt, damage is shared between your health and your magic reserves.
((Your bite disrupts and absorbs the magic of your enemies.))
Potions cannot restore your health.
You are immune to rotting.


Message History

You are too injured to fight recklessly!
You are too injured to fight recklessly!
You are too injured to fight recklessly!
Okay, then.
Okay, then.
The sky beast flickers out of sight!
Deactivating autopickup; reactivate with Ctrl-A.
Items here: ) [ ††.
There is an open door to the Dungeon, spattered with blood here.
Things that are here:
4 stones; a killer bee corpse The shadow slips into darkness.
The shadow flickers and vanishes!
A sky beast appears from thin air!
Reactivating autopickup.
You see here a +1 chain mail.
The sky beast flickers out of sight!
Deactivating autopickup; reactivate with Ctrl-A.
You see here a +0 pair of gloves.
The shadow strikes at you from the darkness!
You die... ▓▓▓▓▓▓▓▓▓▓▓▓▓▓▓▓▓▓▓▓▓▓▓▓▓▓▓▓▓▓▓▓▓ ...'....c)S{.[y[Y).!'____________ ▓▓▓▓▓▓▓▓▓▓▓▓▓▓▓▓▓▓▓▓▓▓▓▓▓▓▓▓▓▓▓▓▓

You could see a water moccasin and a vampire mosquito.

Vanquished Creatures
  A wraith (D)
  A big kobold (D)
  A scorpion (D)
  A killer bee (D)
  A howler monkey (D)
  2 adders (D)
  A shadow imp (D)
  An adder zombie (D)
  2 dart slugs (D)
  An orc (D)
  A bat (D)
  2 frilled lizards (D)
  A rat (D)
16 creatures vanquished.

Notes
Turn   | Place    | Note
-------+----------+-------------------------------------------
     0 | D        | sahdkjhfkaj the Vine Stalker Transmuter began the quest for
                  | the Orb.
     0 | D        | Reached XP level 1. HP: 9/9 MP: 4/4
    10 | D        | Reached XP level 2. HP: 14/14 MP: 4/6
    29 | D        | Noticed a howler monkey
    40 | D        | Reached skill level 5 in Unarmed Combat
    44 | D        | Reached XP level 3. HP: 15/17 MP: 7/7
    48 | D        | Gained mutation: Your natural rate of healing is unusually
                  | fast. [Vine Stalker growth]
    48 | D        | Reached XP level 4. HP: 19/21 MP: 8/8
    58 | D        | Found a roughly hewn altar of Beogh.
    58 | D        | Found a snail-covered altar of Cheibriados.
    58 | D        | Found a shadowy altar of Dithmenos.
    58 | D        | Found a white marble altar of Elyvilon.
    58 | D        | Found a blossoming altar of Fedhas.
    58 | D        | Found an opulent altar of Gozag.
    59 | D        | Found a hazy altar of Hepliaklqana.
    60 | D        | Found a viscous altar of Jiyva.
    61 | D        | Found an ancient bone altar of Kikubaaqudgha.
    62 | D        | Found a corrupted altar of Lugonu.
    63 | D        | Found a burning altar of Makhleb.
    64 | D        | Found a sparkling altar of Nemelex Xobeh.
    65 | D        | Found an iron altar of Okawaru.
    66 | D        | Found a stormy altar of Qazlal.
    67 | D        | Found a sacrificial altar of Ru.
    68 | D        | Found a shimmering blue altar of Sif Muna.
    69 | D        | Found a bloodstained altar of Trog.
    70 | D        | Found a hide-covered altar of Uskayaw.
    71 | D        | Found a radiant altar of Vehumet.
    72 | D        | Found an ornate altar of the Wu Jian Council.
    73 | D        | Found a shimmering altar of Xom.
    74 | D        | Found a basalt altar of Yredelemnul.
    75 | D        | Found a glowing silver altar of Zin.
    76 | D        | Found a glowing golden altar of the Shining One.
    84 | D        | Became a worshipper of Sif Muna the Loreminder
    90 | D        | Learned a level 4 spell: Ice Form
   335 | D        | Noticed a big kobold
   335 | D        | Noticed a wraith
   336 | D        | Reached skill level 5 in Transmutations
   341 | D        | Killed a wraith
   341 | D        | Reached skill level 10 in Transmutations
   341 | D        | Reached XP level 5. HP: 25/25 MP: 4/9
   341 | D        | Reached XP level 6. HP: 29/29 MP: 4/10
   346 | D        | Reached * piety under Sif Muna
   346 | D        | Reached skill level 11 in Transmutations
   351 | D        | Reached ** piety under Sif Muna
   410 | D        | Noticed a centaur warrior
   410 | D        | Noticed a water moccasin
   410 | D        | Noticed a sky beast
   410 | D        | Noticed a vampire mosquito
   410 | D        | Noticed a shadow
   428 | D        | Slain by a shadow

Illustrated notes

Levels and vault maps discovered:
D:        linesprint [early_d, line_temple, items_1, d_10, items_2, lair_1,
          lair_end, items_3, orc_1, orc_end, items_4, d_15, swamp_1, shoals_1,
          snake_1, spider_1, d_20, vaults_1, items_5, swamp_end, shoals_end,
          snake_end, spider_end, vaults_end, d_27, items_6, zot_1, zot_end,
          crypt_end, forest_end, elf_end, slime_end, tomb_end, abyss_end,
          pan_hell_end]

Skill      XL: |  1  2  3  4  5  6 |
---------------+-------------------+-----
Unarmed Combat | 4 6 8 |  8.3
Transmutations | 10 11 | 11.8
Fighting       | |  0.8
Dodging        | |  1.5
Spellcasting   | |  2.1

Action                   |  1- 3 |  4- 6 || total
-------------------------+-------+-------++-------
Melee: Unarmed           |    24 |    23 ||    47
       Headbutt          |     4 |       ||     4
       Kick              |     4 |       ||     4
       Bite              |     6 |     1 ||     7
 Cast: Beastly Appendage |     2 |       ||     2
       Ice Form          |       |     2 ||     2
Armor: Robe              |     1 |       ||     1
       Skin              |       |     1 ||     1
Dodge: Dodged            |    17 |    10 ||    27

Table legend: (Time is in decaauts)
 A = Elapsed time spent in this place.
 B = Non-inter-level travel time spent in this place.
 C = Inter-level travel time spent in this place.
 D = Time resting spent in this place.
 E = Time spent auto-exploring this place.
 F = Levels seen in this place.
 G = Mean time per level.
                   A        B        C        D        E       F      G
               +--------+--------+--------+--------+--------+-----+--------+
         Total |    421 |    421 |      0 |    205 |     78 |   1 |  421.0 |
       Dungeon |    421 |    421 |      0 |    205 |     78 |   1 |  421.0 |
               +--------+--------+--------+--------+--------+-----+--------+

Top non-repeatable levels by time:
       D: 421 daAuts
